woodfighter, chaotic female sylph Ranger }}}}}}} }}}}}}}}}}}}}}}}}}}}}}}}}}}}}}}}}}}}}}}}}}}}}}}}}}}}}}}}}}}}}}}}}}} }}} }}}} -}}}}}}}}}}}}}}}}}}}}}}}}}}}}}}}}}}}}}}}}}}}}}}}}}}}}}}}}}}}}}}}} }}}} }}}----}}}}}}}}}}}}......}}}}}}}}}}}}}}}}}}......}}}}}}}}}}}}..}}}}}}} }}}}}}--....--}}}}}}}}..........}}}}}}}}}}}}}}..........}}}}}}}}}...)}}}}}} }}}}|........|}}}}}}...........*..}}}}}}}}...^..........}}}}}}}}.?..}}}}}} }}|........|}}}}}<..>..................................}}}}}}}}}..}}}}}} |..........|}}}}..%..%.%.%%...........................}}}}}}}}}}}}}}}}} |.....|....|}}}....%.%%.....*..........................}}}}}}}}}}}}}}}} |------....|}}}........................................}}}}}}}}}}}}}}}} |..........|}}}........................................}}}}}}}}}}}}}}}} |.--------.|}}}.....^..^..........%....................}}}}}}}}}}}}}.}} |....--.............*..................................}}}}}}}}}}}}}..} |.........%|}}}........................................}}}}}}}}}}}}}}}} |....------|}}}}......................................}}}}}}}}}}}}}}}}} |...u|.....|}}}}......................................}}}}}}}}}}}}}}}}} |...@`^`.`.|}}}}}..............}}}}}}}}..............}}}}}..}}}}}}}}}}} |....--....|}}}}}}...*......}}}}}}}}}}}}}}..........}}}}}}....}}}}}}}}} |.....`...`|}}}}}}}}......}}}}}}}}}}}}}}}}}}......}}}}}}}}}......}}}}}} }---------- woodfighter the Reconnoiteress Experience level: 12 Strength: 16 Dexterity: 13 Constitution: 16 Intelligence: 14 Wisdom: 14 Charisma: 7 Health: 0(90) Energy: 64(64) Def: 6 Gold: 549 Moves: 19440 Dungeon seed: -edhyEd-RqBkfl9_ Game ID: woodfighter_1471255530 Your Inventory: Coins $ - 549 gold pieces Amulets v - an uncursed amulet of reflection (being worn) P - a blessed amulet versus poison Weapons a - a +2 bow (weapon in hand) b - 85 blessed +2 arrows (in quiver) E - a blessed rusty +2 arrow Armor e - an uncursed +2 cloak of displacement (being worn) z - an uncursed +0 elven shield (being worn) Comestibles i - an uncursed tin of hobgoblin meat p - 2 uncursed pancakes t - 2 uncursed food rations u - 2 uncursed lizard corpses A - an uncursed clove of garlic B - an uncursed cram ration J - an uncursed sprig of wolfsbane Scrolls g - an uncursed scroll of enchant weapon s - a cursed scroll of enchant weapon K - an uncursed scroll of destroy armor R - an uncursed scroll of charging Y - an uncursed scroll of scare monster Potions G - an uncursed potion of oil O - an uncursed potion of polymorph S - an uncursed potion of gain energy T - a blessed potion of extra healing Rings k - an uncursed ring of invisibility (on left hand) o - a cursed ring of slow digestion H - a cursed ring of sustain ability I - an uncursed ring of cold resistance (on right hand) Wands x - a wand of digging (0:4) N - a wand of magic missile (0:5) U - a wand of fire (0:6) V - a wand of digging (0:4) Tools h - a +0 pick-axe y - an uncursed skeleton key F - a -4 unicorn horn Gems n - an uncursed luckstone Spells and supernatural/magical abilities: Name Level Category Fail Memory W - pray for help -- divine ? -- Your skills at the end: Miscellaneous Skills wands [Basic] Weapon Skills dagger [Basic] bow [Expert] Spellcasting Skills Final Attributes: You were piously aligned. You were cold resistant. You were sleep resistant. You were poison resistant. You saw invisible. You had automatic searching. You had infravision. You were invisible to others. You were displaced. You were stealthy. You were protected. You were protected from shape changers. You had reflection. You were lucky. You had extra luck. Bad luck did not time out for you. Good luck did not time out for you. You are dead. Vanquished creatures: 2 giant mimics a bone devil 2 large mimics a wumpus a black naga a warg a winter wolf 2 small mimics a warhorse an ettin mummy a large dog a freezing sphere 2 flaming spheres 5 shocking spheres 2 large cats a dwarf king 2 tengu 2 gelatinous cubes 2 ochre jellies 3 chameleons 2 crocodiles an energy vortex a human mummy a wraith a leather golem a Grey-elf 2 giant beetles a cockatrice 3 gremlins 35 leprechauns 4 lizards a mumak a scorpion a black light 6 gnome kings a dwarf mummy 3 rust monsters an owlbear a gold golem 4 dogs a dingo a housecat 6 jaguars a dwarf lord 2 blue jellies 2 water nymphs a white unicorn a gray unicorn 3 ravens a plains centaur 2 gnome mummies 2 snakes an imp a wood nymph 2 Uruk-hai 6 rock moles 3 rock piercers a pony 3 fog clouds 3 yellow lights 5 shriekers 2 violet fungi 14 gnome lords 10 gnomish wizards a golden naga hatchling a guardian naga hatchling 4 gray oozes 2 barrow wights 5 elf zombies 2 ghouls a straw golem 4 paper golems 16 giant ants a little dog 10 floating eyes 7 kittens 24 dwarves 2 kobold lords 4 kobold shamans 5 iguanas a hill orc a rothe 4 rabid rats 2 centipedes 6 giant bats a monkey 3 orc zombies a dwarf zombie a wererat 2 werejackals 6 killer bees 8 coyotes 4 gas spores 12 hobbits 3 acid blobs 5 large kobolds 4 geckos a hobgoblin 9 giant rats 10 cave spiders 4 brown molds 4 yellow molds a green mold 5 red molds 66 gnomes 6 garter snakes 9 manes a gnome zombie 16 jackals 3 foxes 8 kobolds 9 newts a goblin 4 sewer rats 16 grid bugs 6 bats 7 lichens 2 kobold zombies 520 creatures vanquished. Genocided species: liches demiliches master liches arch-liches 4 species genocided. Voluntary challenges: You were vegetarian. You had followed a strict vegan diet until turn 6239. You used a wielded weapon 24 times, starting on turn 623. You read items or engraved 9 times, starting on turn 6239. You genocided 4 types of monsters, starting on turn 18448. You never polymorphed an object. You never changed form. You cheated 1 time but completed Sokoban on turn 5672. You used no wishes. You never split a pudding. You never wrote Elbereth's name. You never violated your personal moral code. Dungeon overview: The Dungeons of Doom: levels 1 to 15 Level 1 a sink a long staircase Level 2 (vault) stairs to The Gnomish Mines Level 3 a fountain Level 4 an altar to Venus, a fountain Level 5 a fountain Level 6 many fountains Level 7 a fountain, a sink stairs to Sokoban Level 8 (leprechaun hall) Level 9 Level 10 Level 11 a temple to Mars, a fountain Level 12 a scroll shop Level 13 (quest portal) some fountains a magic portal Level 14 (big room) <- You were here Level 15 The Gnomish Mines: levels 3 to 11 Level 3 stairs to The Dungeons of Doom Level 4 Level 5 many shops, a temple to Mars, a magic chest, some fountains Level 6 Level 7 Level 8 Level 9 Level 10 Level 11 a magic chest, a fountain Sokoban: levels 3 to 6 Level 3 a magic chest Level 4 Level 5 Level 6 a magic chest stairs to The Dungeons of Doom History has recorded: On T:1 you entered the Dungeons of Doom to retrieve the Amulet of Yendor! On T:227 you reached level 2 of The Dungeons of Doom. On T:446 you advanced to experience level 2. On T:761 you reached level 3 of The Dungeons of Doom. On T:833 you reached level 1 of The Gnomish Mines. On T:1004 you advanced to experience level 3. On T:1261 you reached level 4 of The Dungeons of Doom. On T:1537 you reached level 5 of The Dungeons of Doom. On T:1631 you advanced to experience level 4. On T:1975 you advanced to experience level 5. On T:2242 you reached level 6 of The Dungeons of Doom. On T:2648 you reached level 7 of The Dungeons of Doom. On T:2681 you advanced to experience level 6. On T:2734 you reached level 4 of Sokoban. On T:3145 you opened a magic chest. On T:3151 you reached level 3 of Sokoban. On T:3684 you reached level 2 of Sokoban. On T:4507 you reached level 1 of Sokoban. On T:5338 you advanced to experience level 7. On T:5672 you entered the Sokoban zoo. On T:5898 you opened a magic chest. On T:5899 you opened a magic chest. On T:6606 you reached level 2 of The Gnomish Mines. On T:7083 you advanced to experience level 8. On T:7211 you reached level 3 of The Gnomish Mines. On T:7684 you entered the Minetown temple On T:7725 you opened a magic chest. On T:7956 you reached level 4 of The Gnomish Mines. On T:8194 you opened a magic chest. On T:8195 you opened a magic chest. On T:8195 you opened a magic chest. On T:8234 you opened a magic chest. On T:8240 you opened a magic chest. On T:8240 you opened a magic chest. On T:8269 you opened a magic chest. On T:8270 you opened a magic chest. On T:8279 you opened a magic chest. On T:8287 you opened a magic chest. On T:8297 you opened a magic chest. On T:8531 you reached level 5 of The Gnomish Mines. On T:9075 you reached level 6 of The Gnomish Mines. On T:9630 you advanced to experience level 9. On T:9853 you reached level 7 of The Gnomish Mines. On T:9875 you reached level 8 of The Gnomish Mines. On T:10787 you reached level 9 of The Gnomish Mines. On T:10787 you reached the bottom of the Mines. On T:11380 you opened a magic chest. On T:12676 you opened a magic chest. On T:12965 you opened a magic chest. On T:13020 you opened a magic chest. On T:13023 you opened a magic chest. On T:13027 you opened a magic chest. On T:13170 you opened a magic chest. On T:13190 you opened a magic chest. On T:13191 you opened a magic chest. On T:13213 you opened a magic chest. On T:13272 you opened a magic chest. On T:13272 you opened a magic chest. On T:13766 you opened a magic chest. On T:13767 you opened a magic chest. On T:13768 you opened a magic chest. On T:13769 you opened a magic chest. On T:13770 you opened a magic chest. On T:14331 you reached level 8 of The Dungeons of Doom. On T:14763 you reached level 9 of The Dungeons of Doom. On T:15091 you advanced to experience level 10. On T:15488 you opened a magic chest. On T:15730 you opened a magic chest. On T:15731 you opened a magic chest. On T:15777 you opened a magic chest. On T:15783 you opened a magic chest. On T:16621 you reached level 10 of The Dungeons of Doom. On T:16880 you reached level 11 of The Dungeons of Doom. On T:17246 you reached level 12 of The Dungeons of Doom. On T:17527 you reached level 13 of The Dungeons of Doom. On T:18420 you opened a magic chest. On T:18422 you opened a magic chest. On T:18426 you opened a magic chest. On T:18427 you opened a magic chest. On T:18427 you opened a magic chest. On T:18429 you opened a magic chest. On T:18429 you opened a magic chest. On T:18433 you opened a magic chest. On T:18442 you opened a magic chest. On T:18443 you opened a magic chest. On T:18452 you opened a magic chest. On T:18469 you opened a magic chest. On T:18471 you opened a magic chest. On T:18758 you reached level 14 of The Dungeons of Doom. On T:19233 you reached level 15 of The Dungeons of Doom. Score breakdown: Gold: 549 ( 54 points) Experience: 12 levels ( 1100 points) Exploration: 15 levels ( 420 points) Discoveries: 35 items ( 1750 points) Variety of kills: 118 monsters ( 2000 points) Major goal: Sokoban/Mines ( 1500 points) Survival: died (score multiplied by 3) Total score: 20472 Latest messages: The gray unicorn kicks! You attempt to fire an arrows with your bare hands. The arrow hits the gray unicorn. The gray unicorn butts! The gray unicorn kicks! The gray unicorn misses. The gray unicorn kicks! You attempt to fire an arrows with your bare hands. The arrow hits the gray unicorn. The gray unicorn butts! The gray unicorn kicks! The gray unicorn butts! The gray unicorn kicks! You are now wielding your bow. The gray unicorn butts! The gray unicorn kicks! The gray unicorn butts! The gray unicorn misses. The arrow hits the gray unicorn! The gray unicorn butts! The gray unicorn kicks! The gray unicorn butts! You die... Final status: Goodbye woodfighter the Ranger, killed by a gray unicorn... You died in The Dungeons of Doom on dungeon level 14 with 20472 points, and 549 pieces of gold, after 19440 moves. You were level 12 with a maximum of 90 hit points when you died.